 Dungeon Sprint DCSS version 0.16-a0-3946-g4f19e5c (webtiles) character file.

305 PolkaDot the Martial Artist (level 6, -1/60 HPs)
             Began as a Draconian Transmuter on Feb 9, 2015.
             Slain by a human
             ... wielding a +0 club
              (14 damage)
             ... in the Dungeon (Sprint III: "The Ten Rune Challenge").
             The game lasted 00:04:39 (857 turns).

PolkaDot the Martial Artist (Draconian Transmuter)   Turns: 857, Time: 00:04:40

Health: -1/60      AC:  6    Str: 13    XL:     6   Next: 16%
Magic:  1/10       EV: 12    Int: 13    God:
Gold:   29         SH:  0    Dex: 13    Spells: 3 memorised, 1 level left

rFire  . . .     SeeInvis .       - Unarmed
rCold  . . .     Clarity  .     (armour unavailable)
rNeg   . . .     SustAb   .     (no shield)
rPois  .         Gourm    .     (helmet restricted)
rElec  .         Spirit   .     (no cloak)
rCorr  .         Warding  .     (no gloves)
rMut   .         NoTele   +     (no boots)
MR     .....                    (no amulet)
Stlth  +.........               (no ring)
                                (no ring)

@: appendage (expiring), flying, very slightly contaminated, not resistant to
hostile enchantments, very unstealthy
A: unfitting armour, horns 2, mutation resistance 1, cold-blooded, AC +6
a: End Transformation


You were in the Dungeon.
You were not hungry.
You had grown temporary horns.
You visited 1 branch You collected 29 gold pieces.

Inventory:

Missiles
 b - 5 arrows
Magical devices
 k - a wand of frost (19)
Scrolls
 j - a scroll of blinking
 m - a scroll of torment {unknown}
 o - a scroll of magic mapping {unknown}
 s - a scroll of immolation {unknown}
 t - 2 scrolls of remove curse
Potions
 e - 3 potions of curing
 f - a potion of heal wounds
 g - a potion of haste
 h - 2 potions of magic
 p - 3 potions of cure mutation {!q}
 q - a potion of ambrosia
Books
 d - a book of Changes

   Spells                             Type                      Level
   a - Beastly Appendage              Transmutation                1
   b - Sticks to Snakes               Transmutation                2
   c - Spider Form                    Transmutation/Poison         3
   d - Ice Form                       Ice/Transmutation            4
   e - Blade Hands                    Transmutation                5
Comestibles
 a - 2 bread rations
 c - 2 chunks of flesh
 l - a meat ration
 u - a royal jelly


   Skills:
 + Level 7.1 Fighting
 - Level 1.7 Dodging
 + Level 9.2 Unarmed Combat
 - Level 2.0 Spellcasting
 * Level 7.4 Transmutations


You had one spell level left.
You knew the following spells:

 Your Spells              Type           Power        Failure   Level  Hunger
a - Beastly Appendage     Trmt           ###...       1%          1    ##.....
b - Blade Hands           Trmt           ###.......   38%         5    ######.
s - Sticks to Snakes      Trmt           ###.......   1%          2    ###....


Dungeon Overview and Level Annotations

Branches:
Dungeon (1/1)

Altars:
Elyvilon
Okawaru
Trog
Zin
The Shining One


Innate Abilities, Weirdness & Mutations

Your plain brown scales are hard (AC +6).
Your body does not fit into most forms of armour.
Your cold-blooded metabolism reacts poorly to cold.
You have a pair of horns on your head.
You are somewhat resistant to further mutation.


Message History

You punch the human!
You tail-slap the human, but do no damage.
The human is moderately wounded.
Your adder bites the human.
The human looks even sicker.
Your adder poisons the human!
The human hits you with a club.
* * * LOW HITPOINT WARNING * * *
Your adder bites the human.
The human looks even sicker.
Your adder poisons the human!
You closely miss the human. Your headbutt misses the human.
The human is heavily wounded.
The human hits you with a club!
* * * LOW HITPOINT WARNING * * *
Your adder bites the human.
You closely miss the human. You punch the human.
The human is severely wounded.
The human hits you with a club!
* * * LOW HITPOINT WARNING * * *
Your adder closely misses the human.
The human hits you with a club!
You die...

▓▓▓▓▓▓▓ ▓▓▓ '...♣.♣♣
♣.######### #......♣
♣♣.#___#__[ #....♣♣♣
♣..#...#..
#....≈♣♣♣♣..###)#S###+##
#...≈≈.♣♣.♣.#...p......#
#..≈≈≈≈♣♣♣..'.⌠.@......#
#..≈≈≈≈≈≈...#...######+#
#.≈≈≈≈≈≈....#.⌠.#
#.≈≈≈≈≈.....#...#
#.≈≈≈.......#+###
#...........#
............#
▓▓▓▓▓▓▓▓▓▓▓▓▓


You could see a human (berserk) and a friendly adder.

Vanquished Creatures
  A water elemental (D)
  2 humans (D)
  Jessica (D)
  A phantom (D)
  3 rats (D)
8 creatures vanquished.

Vanquished Creatures (collateral kills)
  A deep elf priest (D)
1 creature vanquished.

Vanquished Creatures (others)
  2 draconian scorchers (D)
  A yaktaur (D)
3 creatures vanquished.

Grand Total: 12 creatures vanquished

Notes
Turn   | Place    | Note
--------------------------------------------------------------
     0 | D        | PolkaDot, the Draconian Transmuter, began the quest for the Orb.
     0 | D        | Reached XP level 1. HP: 16/16 MP: 3/3
    52 | D        | Noticed Jessica
    67 | D        | Killed Jessica
    67 | D        | Reached skill level 4 in Unarmed Combat
    67 | D        | Reached XP level 2. HP: 8/26 MP: 2/4
   233 | D        | Killed a white draconian scorcher
   288 | D        | Killed a yaktaur
   300 | D        | Learned a level 2 spell: Sticks to Snakes
   314 | D        | Reached skill level 5 in Unarmed Combat
   314 | D        | Reached XP level 3. HP: 19/31 MP: 1/6
   392 | D        | Killed a white draconian scorcher
   542 | D        | Gained mutation: You are somewhat resistant to further mutation. [potion of mutation]
   559 | D        | Noticed a water elemental
   564 | D        | Killed a water elemental
   564 | D        | Reached skill level 6 in Unarmed Combat
   564 | D        | Reached XP level 4. HP: 38/41 MP: 7/7
   671 | D        | Found a glowing silver altar of Zin.
   672 | D        | Found a glowing golden altar of the Shining One.
   672 | D        | Found a white marble altar of Elyvilon.
   673 | D        | Noticed a deep elf priest
   684 | D        | Killed a deep elf priest
   684 | D        | Reached skill level 8 in Unarmed Combat
   684 | D        | Reached XP level 5. HP: 26/51 MP: 0/9
   832 | D        | Found an iron altar of Okawaru.
   839 | D        | Learned a level 5 spell: Blade Hands
   840 | D        | Found a bloodstained altar of Trog.
   840 | D        | Noticed a human
   842 | D        | Noticed a human
   850 | D        | Killed a human
   850 | D        | Reached skill level 9 in Unarmed Combat
   850 | D        | Reached XP level 6. HP: 50/60 MP: 0/10
   857 | D        | Slain by a human

Action                   |  1- 3 |  4- 6 || total
-------------------------+-------+-------++-------
Melee: Unarmed           |    34 |     6 ||    40
 Cast: Beastly Appendage |     4 |     2 ||     6
       Sticks to Snakes  |     1 |     6 ||     7
  Use: Scroll            |     3 |       ||     3
       Potion            |     2 |     1 ||     3
  Eat: Chunk             |       |     1 ||     1
